| TOP OF THE 1ST |
|
Boston Red Sox batting - Pitching for Chicago White Sox : RHP Pete Vuckovich
|
|
Pitching: RHP Pete Vuckovich
|
|
|
Batting: RHB Richie Zisk
|
0-0: Ball 1-0: Called Strike 1-1: Ball 2-1: Foul Ball, location: 2F 2-2: Ball 3-2: Foul Ball, location: 2F 3-2: Foul Ball, location: 2F 3-2: Ground out 6-3 (Groundball, P, EV 83.1 MPH)
|
|
Batting: LHB Willie Aikens
|
0-0: SINGLE (Line Drive, 56D, EV 93.8 MPH)
|
|
Batting: RHB Jeff Burroughs
|
0-0: Called Strike 0-1: Ball 1-1: Ball 2-1: DOUBLE (Flyball, 89D, EV 109.4 MPH) Willie Aikens to third Runner from 3rd tries for Home, SAFE, throw by RF to trailing runner, OUT at third! 9-3-5
|
|
Batting: LHB George Brett
|
0-0: Ball 1-0: Foul Ball, location: 2F 1-1: Fly out, F8 (Flyball, 8RD, EV 103.8 MPH)
|
| Top of the 1st over - 1 run, 2 hits, 0 errors, 0 left on base; Boston 1 - Chicago 0 |
| BOTTOM OF THE 1ST |
|
Chicago White Sox batting - Pitching for Boston Red Sox : LHP Victor Rose
|
|
Pitching: LHP Victor Rose
|
|
|
Batting: RHB Steve Henderson
|
0-0: Swinging Strike 0-1: Called Strike 0-2: Ball 1-2: Ball 2-2: SINGLE (Groundball, 56S, EV 68.8 MPH) (infield hit)
|
|
Batting: SHB Ozzie Smith
|
0-0: Ball 1-0: Ball 2-0: Swinging Strike 2-1: Ball 3-1: Swinging Strike 3-2: Strikes out swinging
|
|
Batting: RHB Mike Heath
|
0-0: Ball 1-0: Ball 2-0: SINGLE (Line Drive, 4D, EV 100.6 MPH) Steve Henderson to second
|
|
Batting: LHB Mitchell Page
|
0-0: Ball 1-0: Swinging Strike 1-1: Foul Ball, location: 2F 1-2: Foul Ball, location: 2F 1-2: Ball 2-2: Ball 3-2: Base on Balls Steve Henderson to third Mike Heath to second
|
|
Batting: RHB Kevin McReynolds
|
0-0: Ball 1-0: SINGLE (Flyball, 5D, EV 96.9 MPH) Steve Henderson scores Mike Heath to third Mitchell Page to second Runner from 3rd tries for Home, SAFE, throw by LF to home
|
|
Batting: RHB Tim Teufel
|
0-0: Ball 1-0: Swinging Strike 1-1: Swinging Strike 1-2: Ball 2-2: Ball 3-2: Base on Balls Mitchell Page to third Kevin McReynolds to second
|
|
Batting: SHB Dwayne Taggart
|
0-0: Ball 1-0: SINGLE (Groundball, 25, EV 63.1 MPH) (infield hit) Mitchell Page scores Kevin McReynolds to third Tim Teufel to second
|
|
Batting: RHB Brian Harper
|
0-0: Grounds into double play, 5-4-3 (Groundball, 56, EV 99.4 MPH)
|
| Bottom of the 1st over - 3 runs, 4 hits, 0 errors, 2 left on base; Boston 1 - Chicago 3 |
| TOP OF THE 2ND |
|
Boston Red Sox batting - Pitching for Chicago White Sox : RHP Pete Vuckovich
|
|
Batting: LHB Karl Pagel
|
0-0: Fly out, F6 (Popup, 6, EV 63.8 MPH)
|
|
Batting: SHB Phil Ouellette
|
0-0: Ball 1-0: Ball 2-0: Swinging Strike 2-1: Swinging Strike 2-2: Ground out 6-3 (Groundball, 6D, EV 108.1 MPH)
|
|
Batting: RHB Devin Pike
|
0-0: Ball 1-0: Fly out, F9 (Line Drive, 9D, EV 86.9 MPH)
|
| Top of the 2nd over - 0 runs, 0 hits, 0 errors, 0 left on base; Boston 1 - Chicago 3 |
| BOTTOM OF THE 2ND |
|
Chicago White Sox batting - Pitching for Boston Red Sox : LHP Victor Rose
|
|
Batting: LHB Ryan MacFarland
|
0-0: Ball 1-0: Ball 2-0: Ball 3-0: Called Strike 3-1: SINGLE (Line Drive, 7LM, EV 104.4 MPH)
|
|
Batting: RHB Steve Henderson
|
0-0: Swinging Strike 0-1: Ball 1-1: Ball 2-1: Ball 3-1: Foul Ball, location: 2F 3-2: Foul Ball, location: 2F 3-2: Base on Balls Ryan MacFarland to second
|
|
Batting: SHB Ozzie Smith
|
0-0: Ball 1-0: Ball 2-0: Swinging Strike 2-1: Foul Ball, location: 2F 2-2: Ball 3-2: Ground out 5-3 (Groundball, 56, EV 90.6 MPH) Ryan MacFarland to third Steve Henderson to second
|
|
Batting: RHB Mike Heath
|
0-0: Ball 1-0: Called Strike 1-1: Foul Ball, location: 2F 1-2: Ball 2-2: Fly out, F9 (Flyball, 9D, EV 96.9 MPH) Runner from 3rd tags up, SCORES, no throw by RF Steve Henderson to third
|
|
Batting: LHB Mitchell Page
|
0-0: Ball 1-0: Called Strike 1-1: Ball 2-1: Foul Ball, location: 2F 2-2: Strikes out swinging
|
| Bottom of the 2nd over - 1 run, 1 hit, 0 errors, 1 left on base; Boston 1 - Chicago 4 |
| TOP OF THE 3RD |
|
Boston Red Sox batting - Pitching for Chicago White Sox : RHP Pete Vuckovich
|
|
Batting: SHB Nelson Norman
|
0-0: Swinging Strike 0-1: Foul Ball, location: 2F 0-2: Ball 1-2: DOUBLE (Line Drive, 9LS, EV 96.3 MPH) - OUT at third base trying to stretch hit.
|
|
Batting: RHB Kevin Klettke
|
0-0: Foul Ball, location: 2F 0-1: Foul Ball, location: 2F 0-2: Ball 1-2: Foul Ball, location: 2F 1-2: Strikes out swinging
|
|
Batting: RHB Richie Zisk
|
0-0: Ground out 4-3 (Groundball, 4MD, EV 107.5 MPH)
|
| Top of the 3rd over - 0 runs, 1 hit, 0 errors, 0 left on base; Boston 1 - Chicago 4 |
| BOTTOM OF THE 3RD |
|
Chicago White Sox batting - Pitching for Boston Red Sox : LHP Victor Rose
|
|
Batting: RHB Kevin McReynolds
|
0-0: Ball 1-0: Called Strike 1-1: Foul Ball, location: 2F 1-2: Ball 2-2: Strikes out swinging
|
|
Batting: RHB Tim Teufel
|
0-0: Foul Ball, location: 2F 0-1: Foul Ball, location: 2F 0-2: Strikes out looking
|
|
Batting: SHB Dwayne Taggart
|
0-0: Ball 1-0: Ground out 6-3 (Groundball, 6, EV 81.9 MPH)
|
| Bottom of the 3rd over - 0 runs, 0 hits, 0 errors, 0 left on base; Boston 1 - Chicago 4 |
| TOP OF THE 4TH |
|
Boston Red Sox batting - Pitching for Chicago White Sox : RHP Pete Vuckovich
|
|
Batting: LHB Willie Aikens
|
0-0: Ball 1-0: Called Strike 1-1: Called Strike 1-2: Strikes out swinging
|
|
Batting: RHB Jeff Burroughs
|
0-0: Called Strike 0-1: Ball 1-1: Ball 2-1: Ball 3-1: Base on Balls
|
|
Batting: LHB George Brett
|
0-0: Ball 1-0: Called Strike 1-1: Called Strike 1-2: Ball 2-2: SINGLE (Groundball, 34D, EV 98.1 MPH) Jeff Burroughs to second Runner from 2nd tries for 3rd, SAFE, throw by RF made to third
|
|
Batting: LHB Karl Pagel
|
0-0: Called Strike 0-1: Called Strike 0-2: Ball 1-2: SINGLE (Line Drive, 78M, EV 93.1 MPH) Jeff Burroughs scores George Brett to second
|
|
Batting: SHB Phil Ouellette
|
0-0: Called Strike 0-1: Ball 1-1: Foul Ball, location: 2F 1-2: Strikes out swinging
|
|
Batting: RHB Devin Pike
|
0-0: Fly out, F8 (Flyball, 8RD, EV 97.5 MPH)
|
| Top of the 4th over - 1 run, 2 hits, 0 errors, 2 left on base; Boston 2 - Chicago 4 |
| BOTTOM OF THE 4TH |
|
Chicago White Sox batting - Pitching for Boston Red Sox : LHP Victor Rose
|
|
Batting: RHB Brian Harper
|
0-0: Called Strike 0-1: Swinging Strike 0-2: Strikes out swinging
|
|
Batting: LHB Ryan MacFarland
|
0-0: Called Strike 0-1: Foul Ball, location: 2F 0-2: Strikes out looking
|
|
Batting: RHB Steve Henderson
|
0-0: Ball 1-0: Ball 2-0: Ball 3-0: Base on Balls
|
|
Batting: SHB Ozzie Smith
|
0-0: Fly out, F5 (Line Drive, 5, EV 68.8 MPH)
|
| Bottom of the 4th over - 0 runs, 0 hits, 0 errors, 1 left on base; Boston 2 - Chicago 4 |
| TOP OF THE 5TH |
|
Boston Red Sox batting - Pitching for Chicago White Sox : RHP Pete Vuckovich
|
|
Batting: SHB Nelson Norman
|
0-0: Ball 1-0: Ball 2-0: Called Strike 2-1: Swinging Strike 2-2: SINGLE (Line Drive, 7S, EV 93.8 MPH)
|
|
Batting: RHB Kevin Klettke
|
0-0: Bunt missed! 0-1: Sac Bunt to 3S - play at first, batter OUT! 3-4 Nelson Norman to second
|
|
Batting: RHB Richie Zisk
|
0-0: Ball 1-0: Ball 2-0: Ground out 4-3 (Groundball, 4S, EV 66.9 MPH) Nelson Norman to third
|
|
Batting: LHB Willie Aikens
|
0-0: Called Strike 0-1: Fly out, F7 (Flyball, 7LS, EV 83.8 MPH)
|
| Top of the 5th over - 0 runs, 1 hit, 0 errors, 1 left on base; Boston 2 - Chicago 4 |
| BOTTOM OF THE 5TH |
|
Chicago White Sox batting - Pitching for Boston Red Sox : LHP Victor Rose
|
|
Batting: RHB Mike Heath
|
0-0: Called Strike 0-1: Swinging Strike 0-2: Fly out, F6 (Popup, 6M, EV 57.5 MPH)
|
|
Batting: LHB Mitchell Page
|
0-0: Ball 1-0: Called Strike 1-1: Fly out, F8 (Flyball, 89D, EV 91.3 MPH)
|
|
Batting: RHB Kevin McReynolds
|
0-0: Ball 1-0: Ball 2-0: Called Strike 2-1: Swinging Strike 2-2: Strikes out swinging
|
| Bottom of the 5th over - 0 runs, 0 hits, 0 errors, 0 left on base; Boston 2 - Chicago 4 |
| TOP OF THE 6TH |
|
Boston Red Sox batting - Pitching for Chicago White Sox : RHP Pete Vuckovich
|
|
Batting: RHB Jeff Burroughs
|
0-0: Ground out 6-3 (Groundball, 6MS, EV 92.5 MPH)
|
|
Batting: LHB George Brett
|
0-0: Ball 1-0: Reached on error, E3 (Groundball, 34, EV 84.4 MPH)
|
|
Batting: LHB Karl Pagel
|
0-0: Ball 1-0: Ground out 4-3 (Groundball, 34D, EV 101.3 MPH) George Brett to second
|
|
Batting: SHB Phil Ouellette
|
0-0: Ball 1-0: Called Strike 1-1: Foul Ball, location: 2F 1-2: Foul Ball, location: 2F 1-2: Foul Ball, location: 2F 1-2: Ground out 4-3 (Groundball, 4, EV 97.5 MPH)
|
| Top of the 6th over - 0 runs, 0 hits, 1 error, 1 left on base; Boston 2 - Chicago 4 |
| BOTTOM OF THE 6TH |
|
Chicago White Sox batting - Pitching for Boston Red Sox : LHP Victor Rose
|
|
Batting: RHB Tim Teufel
|
0-0: Foul Ball, location: 2F 0-1: Ball 1-1: Fly out, F8 (Flyball, 8LXD, EV 88.1 MPH)
|
|
Batting: SHB Dwayne Taggart
|
0-0: Called Strike 0-1: Ball 1-1: Called Strike 1-2: Ground out 6-3 (Groundball, 56D, EV 88.1 MPH)
|
|
Batting: RHB Brian Harper
|
0-0: Ball 1-0: Called Strike 1-1: Ball 2-1: Swinging Strike 2-2: Ground out 5-3 (Groundball, 56, EV 86.9 MPH)
|
| Bottom of the 6th over - 0 runs, 0 hits, 0 errors, 0 left on base; Boston 2 - Chicago 4 |
| TOP OF THE 7TH |
|
Boston Red Sox batting - Pitching for Chicago White Sox : RHP Pete Vuckovich
|
|
Batting: RHB Devin Pike
|
0-0: Ball 1-0: Called Strike 1-1: Ball 2-1: DOUBLE (Line Drive, 89D, EV 101.9 MPH)
|
|
Batting: SHB Nelson Norman
|
0-0: Ground out 4-3 (Groundball, 4, EV 86.3 MPH) Devin Pike to third
|
|
Batting: RHB Kevin Klettke
|
0-0: Fly out, F5 (Line Drive, 5, EV 65.6 MPH)
|
|
Batting: RHB Richie Zisk
|
0-0: 2-RUN HOME RUN (Flyball, 7D, EV 107.5 MPH), Distance : 368 ft
|
|
Batting: LHB Willie Aikens
|
0-0: Fly out, F9 (Flyball, 9S, EV 76.9 MPH)
|
| Top of the 7th over - 2 runs, 2 hits, 0 errors, 0 left on base; Boston 4 - Chicago 4 |
| BOTTOM OF THE 7TH |
|
Chicago White Sox batting - Pitching for Boston Red Sox : LHP Victor Rose
|
|
Pitching: LHP Gary Pickert
|
|
|
Batting: LHB Ryan MacFarland
|
0-0: Foul Ball, location: 2F 0-1: Hit by Pitch
|
|
Batting: RHB Steve Henderson
|
0-0: Ball 1-0: Foul Ball, location: 2F 1-1: Swinging Strike 1-2: Foul Ball, location: 2F 1-2: SINGLE (Line Drive, 7LM, EV 91.3 MPH) Ryan MacFarland to second
|
|
Batting: SHB Ozzie Smith
|
0-0: Ball 1-0: Sac Bunt to P - play at first, batter OUT! 1-4 Ryan MacFarland to third Steve Henderson to second
|
|
Batting: RHB Mike Heath
|
0-0: Swinging Strike 0-1: Ball 1-1: SINGLE (Groundball, 6, EV 100.6 MPH) Ryan MacFarland scores Steve Henderson to third Runner from 3rd tries for Home, throw by CF and OUT! 8-2
|
|
Batting: LHB Mitchell Page
|
0-0: Ball 1-0: Swinging Strike 1-1: Called Strike 1-2: Ground out 5-3 (Groundball, 56S, EV 82.5 MPH)
|
| Bottom of the 7th over - 1 run, 2 hits, 0 errors, 1 left on base; Boston 4 - Chicago 5 |
| TOP OF THE 8TH |
|
Boston Red Sox batting - Pitching for Chicago White Sox : RHP Pete Vuckovich
|
|
Batting: RHB Jeff Burroughs
|
0-0: Ball 1-0: Ball 2-0: Foul Ball, location: 2F 2-1: Foul Ball, location: 2F 2-2: Ball 3-2: Ground out 6-3 (Groundball, 6D, EV 87.5 MPH)
|
|
Batting: LHB George Brett
|
0-0: Swinging Strike 0-1: Ball 1-1: Ball 2-1: Ball 3-1: Foul Ball, location: 2F 3-2: Base on Balls
|
|
Batting: LHB Karl Pagel
|
0-0: Ball 1-0: Ball 2-0: Ball 3-0: Called Strike 3-1: Base on Balls George Brett to second
|
|
Batting: SHB Phil Ouellette
|
0-0: Ball 1-0: Swinging Strike 1-1: Called Strike 1-2: Ball 2-2: Fly out, F7 (Flyball, 7S, EV 71.9 MPH)
|
|
Pinch Hitting: SHB Dave Collins
|
0-0: SINGLE (Groundball, 4MD, EV 95.0 MPH) George Brett to third Karl Pagel to second Runner from 3rd tries for Home, SAFE, throw by CF to home
|
|
Pitching: RHP Dickie Noles
|
|
|
Batting: SHB Nelson Norman
|
0-0: Reached on error, E5 (Groundball, 56, EV 105.0 MPH) Karl Pagel to third Dave Collins to second
|
|
Batting: RHB Kevin Klettke
|
0-0: Foul Ball, location: 2F 0-1: Ball 1-1: Called Strike 1-2: Strikes out swinging
|
| Top of the 8th over - 1 run, 1 hit, 1 error, 3 left on base; Boston 5 - Chicago 5 |
| BOTTOM OF THE 8TH |
|
Chicago White Sox batting - Pitching for Boston Red Sox : LHP Gary Pickert
|
|
Now in RF: Dave Collins
|
|
|
Batting: RHB Kevin McReynolds
|
0-0: Ball 1-0: Swinging Strike 1-1: Foul Ball, location: 2F 1-2: Ball 2-2: Strikes out swinging
|
|
Batting: RHB Tim Teufel
|
0-0: Called Strike 0-1: Foul Ball, location: 2F 0-2: Foul Ball, location: 2F 0-2: Ball 1-2: Foul Ball, location: 2F 1-2: Ball 2-2: Fly out, F4 (Popup, 4M, EV 79.4 MPH)
|
|
Batting: SHB Dwayne Taggart
|
0-0: Ball 1-0: Ball 2-0: Called Strike 2-1: Ball 3-1: Foul Ball, location: 2F 3-2: Ground out 6-3 (Groundball, 56D, EV 104.4 MPH)
|
| Bottom of the 8th over - 0 runs, 0 hits, 0 errors, 0 left on base; Boston 5 - Chicago 5 |
| TOP OF THE 9TH |
|
Boston Red Sox batting - Pitching for Chicago White Sox : RHP Dickie Noles
|
|
Batting: RHB Richie Zisk
|
0-0: Ball 1-0: Called Strike 1-1: SINGLE (Flyball, 34D, EV 93.1 MPH)
|
|
Batting: LHB Willie Aikens
|
0-0: Ball 1-0: Sac Bunt to 2L - play at second, runner OUT! 2-6
|
|
Batting: RHB Jeff Burroughs
|
0-0: Called Strike 0-1: Foul Ball, location: 2F 0-2: Foul Ball, location: 2F 0-2: Foul Ball, location: 2F 0-2: Strikes out swinging
|
|
Batting: LHB George Brett
|
0-0: Foul Ball, location: 2F 0-1: SINGLE (Line Drive, 7S, EV 105.6 MPH) Willie Aikens to second
|
|
Batting: LHB Karl Pagel
|
0-0: Ball 1-0: Called Strike 1-1: Ground out 4-3 (Groundball, 4, EV 90.0 MPH)
|
| Top of the 9th over - 0 runs, 2 hits, 0 errors, 2 left on base; Boston 5 - Chicago 5 |
| BOTTOM OF THE 9TH |
|
Chicago White Sox batting - Pitching for Boston Red Sox : LHP Gary Pickert
|
|
Batting: RHB Brian Harper
|
0-0: Ball 1-0: Ball 2-0: Ball 3-0: Base on Balls
|
|
Pitching: RHP Bruce Sutter
|
|
|
Batting: LHB Ryan MacFarland
|
0-0: Foul Ball, location: 2F 0-1: Ground out U3 (Groundball, 34S, EV 84.4 MPH) Brian Harper to second
|
|
Batting: RHB Steve Henderson
|
0-0: Fly out, F6 (Popup, 6, EV 75.6 MPH)
|
|
Batting: SHB Ozzie Smith
|
0-0: Foul Ball, location: 2F 0-1: Ground out 4-3 (Groundball, 4, EV 82.5 MPH)
|
| Bottom of the 9th over - 0 runs, 0 hits, 0 errors, 1 left on base; Boston 5 - Chicago 5 |
| TOP OF THE 10TH |
|
Boston Red Sox batting - Pitching for Chicago White Sox : RHP Dickie Noles
|
|
Batting: SHB Phil Ouellette
|
0-0: Swinging Strike 0-1: SOLO HOME RUN (Flyball, 9LD, EV 113.1 MPH), Distance : 364 ft
|
|
Batting: SHB Dave Collins
|
0-0: Ball 1-0: SINGLE (Groundball, 34D, EV 97.5 MPH) (infield hit)
|
|
Batting: SHB Nelson Norman
|
0-0: Swinging Strike 0-1: Fielders Choice at 2nd, 3-6 (Groundball, 3, EV 86.3 MPH)
|
|
Batting: RHB Kevin Klettke
|
0-0: Called Strike 0-1: Foul Ball, location: 2F 0-2: Foul Ball, location: 2F 0-2: Ball 1-2: Fly out, F8 (Line Drive, 8LM, EV 91.3 MPH)
|
|
Pitching: RHP Dave Stewart
|
|
|
Batting: RHB Richie Zisk
|
0-0: Called Strike 0-1: Swinging Strike 0-2: Ball 1-2: Strikes out swinging
|
| Top of the 10th over - 1 run, 2 hits, 0 errors, 1 left on base; Boston 6 - Chicago 5 |
| BOTTOM OF THE 10TH |
|
Chicago White Sox batting - Pitching for Boston Red Sox : RHP Bruce Sutter
|
|
Batting: RHB Mike Heath
|
0-0: Called Strike 0-1: Foul Ball, location: 2F 0-2: Strikes out swinging
|
|
Batting: LHB Mitchell Page
|
0-0: Called Strike 0-1: Foul Ball, location: 2F 0-2: Strikes out swinging
|
|
Batting: RHB Kevin McReynolds
|
0-0: Ball 1-0: Swinging Strike 1-1: Swinging Strike 1-2: Strikes out swinging
|
| Bottom of the 10th over - 0 runs, 0 hits, 0 errors, 0 left on base; Boston 6 - Chicago 5 |
|